 Dungeon Crawl Stone Soup version 0.17.2 (webtiles) character file.

333819 Romlok the Fencer (level 21, 0/122 HPs)
             Began as a Vine Stalker Air Elementalist on Apr 27, 2016.
             Was the Champion of Okawaru.
             Slain by a deep troll earth mage (14 damage)
             ... on level 2 of the Depths on May 5, 2016.
             The game lasted 14:10:39 (48195 turns).

Romlok the Fencer (Vine Stalker Air Elementalist)  Turns: 48195, Time: 14:10:39

Health: 0/122      AC:  7    Str: 15    XL:     21   Next: 82%
Magic:  0/45       EV: 33    Int: 25    God:    Okawaru [******]
Gold:   5076       SH: 10    Dex: 27    Spells: 6 memorised, 27 levels left

rFire  + . .     SeeInvis +     b - +1 double sword "Wuteid" {drain, rN+ MP+9 Int+2}
rCold  . . .     Clarity  +     S - +2 leather armour "Icseur" {*Drain Regen+ Str+3 Int+4}
rNeg   + + .     SustAt   .     t - +0 buckler {rF+}
rPois  +         Gourm    .     d - +1 hat {MR+}
rElec  +         Spirit   +     P - +1 cloak {rPois}
rCorr  +         Warding  .     C - +0 pair of gloves {Dex+3}
rMut   .         Stasis   .     s - +1 pair of boots of Fun {MR+ rCorr Int+4}
MR     ++++.                    v - amulet of clarity
Stlth  +++++++...               B - ring of Xovarien {rElec rN+}
                                D - ring of see invisible

@: heroism, finesse, corroded equipment, hasted, repel missiles, very quick,
incredibly resistant to hostile enchantments, extremely stealthy
A: antennae 1, fangs 3, repulsion field 1, breathe flames 1, regeneration 3,
robust 1, magic shield, antimagic bite, no device heal 3, rot immunity
a: Heroism, Finesse, Renounce Religion, Breathe Fire
}: 2/15 runes: barnacled, gossamer


You were on level 2 of the Depths.
You worshipped Okawaru.
Okawaru was exalted by your worship.
You were hungry.

You visited 8 branches of the dungeon, and saw 42 of its levels.
You also visited: Labyrinth and Sewer.

You collected 5076 gold pieces.

Inventory:

Hand Weapons
 a - the +10 demon blade of Goynufue {freeze, +Fly MR+ Dex-4}
   (Okawaru gifted it to you on level 2 of the Lair of Beasts)

   It has been specially enchanted to freeze those struck by it, causing extra
   injury to most foes and up to half again as much damage against particularly
   susceptible opponents.
   It can also slow down cold-blooded creatures.
   It affects your dexterity (-4).
   It affects your resistance to hostile enchantments.
   It lets you fly.
 b - the +1 double sword "Wuteid" (weapon) {drain, rN+ MP+9 Int+2}
   (Okawaru gifted it to you on level 1 of the Vaults)

   A truly terrible weapon, it drains the life of those it strikes.
   It affects your intelligence (+2).
   It protects you from negative energy.
   It affects your magic capacity (+9).
 g - a +4 scimitar of flaming
 w - a +4 double sword of holy wrath
Missiles
 f - 15 throwing nets
 h - 14 javelins of returning (quivered)
Armour
 d - a +1 hat of magic resistance (worn)
 s - the +1 pair of boots of Fun (worn) {MR+ rCorr Int+4}
   (Okawaru gifted it to you on level 6 of the Lair of Beasts)

   It affects your intelligence (+4).
   It affects your resistance to hostile enchantments.
   It protects you from acid and corrosion.
 t - a +0 buckler of fire resistance (worn)
 y - a +1 shield of cold resistance
 C - a +0 pair of gloves of dexterity (worn)
 P - a +1 cloak of poison resistance (worn)
 Q - a +2 cloak of invisibility
 S - the +2 leather armour "Icseur" (worn) {*Drain Regen+ Str+3 Int+4}
   (You found it on level 8 of the Dungeon)

   It affects your strength (+3).
   It affects your intelligence (+4).
   It increases your rate of regeneration.
   It causes draining when unequipped.
Jewellery
 c - an uncursed ring of poison resistance
 l - an uncursed amulet of stasis
 v - an amulet of clarity (around neck)
 B - the ring of Xovarien (right hand) {rElec rN+}
   (You found it on level 7 of the Lair of Beasts)

   [ring of positive energy]

   It insulates you from electricity.
   It protects you from negative energy.
 D - a ring of see invisible (left hand)
 F - an uncursed amulet of resist mutation
 G - the ring "Zaneddug" {rC+ rN+}
   (You acquired it on level 15 of the Dungeon)

   [ring of protection from cold]

   It protects you from cold.
   It protects you from negative energy.
Wands
 m - a wand of disintegration (24)
Scrolls
 k - 11 scrolls of teleportation
 o - 13 scrolls of remove curse
 p - 29 scrolls of identify
 r - a scroll of enchant weapon
 u - a scroll of enchant armour
 L - 5 scrolls of blinking
 O - a scroll of fear
 W - 4 scrolls of fog
 X - 2 scrolls of summoning
 Z - 5 scrolls of magic mapping
Potions
 e - 3 potions of haste
 n - 20 potions of curing
 q - 2 potions of magic
 A - a potion of invisibility
 H - 4 potions of cancellation
 N - 6 potions of resistance
Comestibles
 i - a beef jerky
 j - 6 chunks of flesh
 I - 34 fruits
 T - 12 bread rations


   Skills:
 + Level 12.0(17.0) Fighting
 + Level 16.7(21.7) Long Blades
 + Level 6.3(11.3) Throwing
 + Level 11.2(16.2) Armour
 + Level 11.0(16.0) Dodging
 + Level 13.0(18.0) Stealth
 * Level 13.0(18.0) Shields
 - Level 10.1 Spellcasting
 - Level 1.0 Conjurations
 - Level 4.0 Hexes
 - Level 4.1 Charms
 + Level 7.7 Necromancy
 - Level 3.7 Transmutations
 - Level 5.0 Air Magic
 - Level 3.0 Earth Magic
 - Level 8.0 Invocations
 - Level 8.1 Evocations


You had 27 spell levels left.
You knew the following spells:

 Your Spells              Type           Power        Failure   Level  Hunger
a - Shock                 Conj/Air       ####         1%          1    None
b - Passwall              Trmt/Erth      ####......   6%          3    None
c - Corona                Hex            ####...      1%          1    None
d - Vampiric Draining     Necr           ######....   1%          3    None
f - Repel Missiles        Chrm/Air       #####.       1%          2    None
r - Regeneration          Chrm/Necr      #####.....   1%          3    None


Dungeon Overview and Level Annotations

Branches:
Dungeon (15/15)            Temple (1/1) D:7            Lair (8/8) D:9
 Shoals (4/4) Lair:6       Spider (4/4) Lair:3        Slime (0/6) Lair:6
    Orc (4/4) D:11            Elf (0/3) Orc:4        Vaults (4/5) D:13
  Crypt (0/3) Vaults:2     Depths (2/5) D:15

Altars:
Ashenzari
Cheibriados
Dithmenos
Elyvilon
Fedhas
Gozag
Kikubaaqudgha
Makhleb
Nemelex Xobeh
Okawaru
Qazlal
Ru
Sif Muna
Trog
Vehumet
Xom
Yredelemnul
Zin
The Shining One

Shops:
D:12 =   Orc:2 [   Orc:3 [   Orc:4 }[*%   Shoals:3 !   Vaults:2 ?

Portals:
Hell: Lair:8 Depths:1
Pandemonium: Depths:1
Trove: D:14 (give wand of hasting (9))

Annotations:
D:4 Blunderbuss's ghost, novice OpAs
Shoals:2 Jorgrun
Shoals:4 exclusion: oklob plant, Ilsuiw
Spider:4 Arachne


Innate Abilities, Weirdness & Mutations

You have razor-sharp teeth.
You regenerate.
When hurt, damage is shared between your health and your magic reserves.
Your bite disrupts and absorbs the magic of your enemies.
Potions and wands cannot restore your health.
You are immune to rotting.
You have a pair of small antennae on your head.
You are surrounded by a mild repulsion field (EV +2).
You can breathe flames.
You are robust (+10% HP).


Message History

You see here an arrow.
The deep troll earth mage bites you!
* * * LOW HITPOINT WARNING * * *
The deep troll earth mage completely misses you. x2
The centaur warrior shoots an arrow.
The arrow completely misses you.
The boggart shouts!
You hit the deep troll earth mage but do no damage.
Your bite misses the deep troll earth mage.
The deep troll earth mage completely misses you. x2
The deep troll earth mage claws you but does no damage.
The centaur warrior shoots an arrow.
You block the arrow.
The centaur warrior shoots an arrow.
You block the arrow.
You see here 3 arrows.
Drink which item? (? for menu, Esc to quit)
You feel yourself speed up.
You are feeling hungry.
The centaur warrior shoots an arrow.
The arrow hits you!
* * * LOW HITPOINT WARNING * * *
The rakshasa completely misses you. The deep troll earth mage bites you!
You die...

#......#.##.#?.
#......#..#..#.#
#......#c.#...# #.......##.#
. #.....(.##.## .. ####
#####...###.## ..
#..######.R...##...#
.######.............###.##
.##..##.......†.@T..##.##
.##..+..........g...##.#
.....##..##..##...)#..#...#
.....##..##..###...#..#..#.#
.##...........#[..[#.##.#..
.##...........+....##.##...#
.##..##..#######..#.#.###
#..
)######.)###.##...##.#..#
### .)......[..(......###.##
#####


You could see a rakshasa, a centaur warrior, a deep troll earth mage and a
boggart.

Vanquished Creatures
  Mara (Depths:1)
  Norris (Vaults:1)
  A caustic shrike (Depths:2)
  Rupert (D:15)
  A lich (Vaults:4)
  2 sphinxes
  Gastronok (Orc:2)
  Agnes (D:15)
  A storm dragon (Vaults:2)
  A revenant (Vaults:2)
  Donald (Spider:4)
  A ghost moth (Spider:4)
  2 fire giants
  4 frost giants
  The ghost of murphy the Nimble, a journeyman TrBe of Trog (Shoals:4)
  11 vault wardens
  A curse skull (Vaults:2)
  An orc warlord (Vaults:4)
  6 emperor scorpions
  12 ironheart preservers
  9 stone giants
  4 very ugly things (Depths:1)
  2 salamander stormcallers
  A dire elephant (D:15)
  A deep elf death mage (Vaults:2)
  A merfolk javelineer (Shoals:3)
  7 fire dragons
  13 merfolk impalers
  2 jiangshi (Depths:1)
  5 vault guards
  An ettin (Vaults:4)
  5 yaktaur captains
  Josephine (Lair:8)
  16 ogre magi
  2 great orbs of eyes (Depths:1)
  Fannar (Orc:1)
  A minotaur (Lab)
  6 entropy weavers
  An ice dragon (Depths:1)
  A hell beast (Lair:8)
  13 hydras
  3 deep troll shamans
  Erica (Lair:1)
  An alligator snapping turtle (Shoals:3)
  7 centaur warriors
  6 merfolk aquamancers
  6 merfolk avatars
  19 death yaks
  8 tengu warriors
  9 deep troll earth magi
  A queen ant (Lair:3)
  A satyr (Shoals:4)
  A vampire mage (Depths:1)
  3 deep elf knights
  2 unseen horrors
  A skeletal warrior (Vaults:2)
  4 shadow wraiths
  A deep elf summoner (Vaults:1)
  2 flayed ghosts
  4 orc knights
  11 sea snakes
  3 wizards
  11 ironbrand convokers
  31 deep trolls
  24 wolf spiders
  A large abomination (Vaults:1)
  A necromancer (D:13)
  3 hornets
  4 giant orange brains
  5 harpies
  45 ugly things
  14 cyclopes
  13 orb spiders
  5 orc sorcerers
  6 hill giants
  4 griffons
  8 water nymphs
  7 manticores
  9 fauns
  A hornet (shapeshifter) (Vaults:2)
  3 moths of wrath
  7 sirens
  9 elephants
  A torpor snail (Lair:7)
  17 spiny frogs
  An ice statue (D:11)
  10 vault sentinels
  2 centaur zombies
  10 black mambas
  A spiny frog (shapeshifter) (Vaults:1)
  31 yaktaurs
  4 orange demons (Lair:8)
  6 demonic crawlers
  A kobold demonologist (D:15)
  An efreet (D:14)
  3 fire drakes
  8 komodo dragons
  A hellwing (Lair:8)
  4 blue devils (Lair:8)
  A freezing wraith (Vaults:2)
  A red devil (Lair:8)
  6 wind drakes
  A minotaur zombie (Lab)
  4 deep elf priests
  17 trolls
  11 jumping spiders
  41 merfolk
  33 two-headed ogres
  29 slime creatures
  5 boulder beetles
  5 deep elf magi
  A raiju (shapeshifter) (Vaults:2)
  A vampire (D:9)
  12 snapping turtles
  17 trapdoor spiders
  4 wraiths
  16 water elementals
  20 blink frogs
  2 tarantellas (shapeshifter)
  18 tarantellas
  35 redbacks
  5 basilisks
  A hog (D:11)
  7 wyverns
  A human (D:11)
  4 deep elf fighters
  11 hippogriffs
  42 yaks
  10 vampire mosquitoes
  12 soldier ants (Lair:3)
  A naga (shapeshifter) (Vaults:3)
  7 mottled dragons
  2 wargs
  6 wolves (Lair:6)
  A hell hound (Lair:8)
  9 water moccasins
  8 porcupines
  A sky beast (D:9)
  6 phantoms
  25 orc warriors
  5 wasps
  12 spiders
  An eye of draining (D:14)
  14 ice beasts
  A black bear (D:7)
  7 boggarts (Depths:1)
  15 crocodiles
  65 ogres
  28 centaurs
  A big kobold (D:8)
  A brain worm (D:15)
  22 giant frogs
  A water moccasin zombie (D:10)
  4 wyvern skeletons
  3 scorpions
  13 killer bees
  4 electric eels
  12 wights
  8 crimson imps
  A giant frog zombie (D:13)
  4 giant frog skeletons
  7 iguanas
  5 hounds
  4 jellies
  24 orc priests
  6 centaur skeletons
  47 worker ants
  36 orc wizards
  38 sheep
  4 hound zombies
  6 gnolls
  2 worker ant zombies (D:9)
  48 river rats
  14 adders
  3 shadow imps
  2 white imps
  6 oozes
  2 adder zombies (D:5)
  An adder skeleton (D:4)
  9 worms
  9 giant geckos
  181 orcs
  2 ball pythons
  14 bats
  4 giant cockroaches
  8 hobgoblins
  27 jackals
  6 giant newts
  3 goblins
  8 kobolds
  5 quokkas
  2 quokka skeletons
  10 rats
  5 plants
  5 tentacles (Shoals:1)
1764 creatures vanquished.

Vanquished Creatures (others)
  A salamander stormcaller (Vaults:4)
  An ogre mage (Vaults:1)
  2 trapdoor spiders (Spider:4)
  A tarantella (Spider:3)
  A fire vortex (Vaults:3)
  11 fungi
  23 plants (Lair:8)
  25 tentacles (Shoals:1)
  1909 tentacle segments (Shoals:1)
1974 creatures vanquished.

Grand Total: 3738 creatures vanquished

Notes
Turn   | Place    | Note
--------------------------------------------------------------
     0 | D:1      | Romlok the Vine Stalker Air Elementalist began the quest for the Orb.
     0 | D:1      | Reached XP level 1. HP: 9/9 MP: 4/4
   304 | D:1      | Reached XP level 2. HP: 13/13 MP: 4/6
   909 | D:2      | Reached XP level 3. HP: 16/16 MP: 1/8
  1421 | D:2      | Reached XP level 4. HP: 21/21 MP: 8/10
  1498 | D:3      | Found a glowing drain.
  1503 | Sewer    | Entered a sewer
  1679 | Sewer    | Reached skill level 4 in Air Magic
  2564 | D:3      | Reached XP level 5. HP: 21/25 MP: 3/12
  2752 | D:3      | Reached skill level 1 in Shields
  3027 | D:3      | Reached skill level 1 in Armour
  3344 | D:3      | Gained mutation: You heal very quickly. [Vine Stalker growth]
  3344 | D:3      | Reached XP level 6. HP: 18/29 MP: 7/13
  3762 | D:4      | Noticed Blunderbuss's ghost (novice OpAs)
  3985 | D:4      | Found a sacrificial altar of Ru.
  4653 | D:5      | Entered Level 5 of the Dungeon
  4911 | D:5      | Reached XP level 7. HP: 29/32 MP: 12/14
  5268 | D:5      | Reached skill level 1 in Long Blades
  5284 | D:5      | Reached skill level 1 in Fighting
  5306 | D:5      | Learned a level 1 spell: Corona
  5388 | D:5      | Gained mutation: You have razor-sharp teeth. [Vine Stalker growth]
  5388 | D:5      | Reached XP level 8. HP: 37/37 MP: 15/15
  5439 | D:5      | Found a shimmering altar of Xom.
  5440 | D:5      | Found a shimmering altar of Xom.
  5440 | D:5      | Found a shimmering altar of Xom.
  5440 | D:5      | Found a shimmering altar of Xom.
  5440 | D:5      | Found a shimmering altar of Xom.
  5482 | D:5      | Gained mutation: You are surrounded by a mild repulsion field (EV +2). [potion of beneficial mutation]
  5526 | D:6      | Found a bloodstained altar of Trog.
  5526 | D:6      | Found a basalt altar of Yredelemnul.
  5586 | D:6      | Found a sparkling altar of Nemelex Xobeh.
  6026 | D:6      | Found a burning altar of Makhleb.
  6026 | D:6      | Noticed a green death
  6030 | D:6      | Noticed a smoke demon
  6030 | D:6      | Noticed a smoke demon
  6499 | D:7      | Reached skill level 5 in Long Blades
  6499 | D:7      | Reached XP level 9. HP: 24/44 MP: 13/16
  6684 | D:7      | Reached skill level 6 in Long Blades
  6800 | D:7      | Found a staircase to the Ecumenical Temple.
  6825 | Temple   | Entered the Ecumenical Temple
  6835 | Temple   | Became a worshipper of Warmaster Okawaru
  7146 | D:7      | Found a burning altar of Makhleb.
  7151 | D:7      | Found a glowing silver altar of Zin.
  7151 | D:7      | Noticed an Executioner
  7151 | D:7      | Noticed an angel
  7539 | D:7      | Reached skill level 7 in Long Blades
  7667 | D:8      | Found a shimmering altar of Xom.
  7879 | D:8      | Found a shattered altar of Ashenzari.
  8190 | D:8      | Got an ichor-stained leather armour
  8193 | D:8      | Identified the +2 leather armour "Icseur" {*Drain Regen+ Str+3 Int+4} (You found it on level 8 of the Dungeon)
  8209 | D:8      | Reached skill level 8 in Long Blades
  8354 | D:8      | Reached * piety under Okawaru
  8472 | D:8      | Reached XP level 10. HP: 44/49 MP: 17/17
  8630 | D:8      | Reached skill level 9 in Long Blades
  8851 | D:9      | Found a glowing golden altar of the Shining One.
  8985 | D:9      | Gained mutation: You are robust (+10% HP). [potion of mutation]
  8985 | D:9      | Gained mutation: You can breathe flames. [potion of mutation]
  8985 | D:9      | Gained mutation: You have a pair of small antennae on your head. [potion of mutation]
  9074 | D:9      | Reached skill level 10 in Long Blades
  9090 | D:9      | Reached ** piety under Okawaru
  9419 | D:9      | Found a staircase to the Lair.
  9590 | D:9      | Found a blossoming altar of Fedhas.
  9907 | D:9      | Learned a level 2 spell: Repel Missiles
  9909 | D:10     | Entered Level 10 of the Dungeon
 10201 | D:10     | Reached skill level 11 in Long Blades
 10297 | D:10     | Noticed a hill giant
 10694 | D:10     | Reached *** piety under Okawaru
 10800 | D:11     | Found a staircase to the Orcish Mines.
 10868 | D:11     | Noticed an unseen horror
 10879 | D:11     | Killed an unseen horror
 10879 | D:11     | Reached XP level 11. HP: 29/58 MP: 12/18
 11024 | D:11     | Reached **** piety under Okawaru
 11047 | D:11     | Reached skill level 12 in Long Blades
 11239 | D:11     | Found a frozen archway.
 11489 | D:11     | Reached ***** piety under Okawaru
 11601 | D:11     | Noticed an ice statue
 11834 | D:11     | Noticed a hill giant
 11993 | D:9      | Identified a scroll of acquirement
 12067 | Lair:1   | Entered Level 1 of the Lair of Beasts
 12361 | Lair:1   | Noticed Erica
 12479 | Lair:1   | Reached skill level 13 in Long Blades
 13136 | Lair:1   | Killed Erica
 13642 | Lair:2   | Received a gift from Okawaru
 13643 | Lair:2   | Got a fine demon blade {god gift}
 13644 | Lair:2   | Identified the +10 demon blade of Goynufue {freeze, +Fly MR+ Dex-4} (Okawaru gifted it to you on level 2 of the Lair of Beasts)
 13879 | Lair:3   | Reached skill level 14 in Long Blades
 13987 | Lair:3   | Gained mutation: You regenerate. [Vine Stalker growth]
 13987 | Lair:3   | Reached XP level 12. HP: 54/63 MP: 16/19
 14109 | Lair:3   | Reached skill level 1 in Invocations
 14160 | Lair:3   | Reached skill level 1 in Hexes
 14260 | Lair:3   | Reached ****** piety under Okawaru
 14286 | Lair:3   | Received a gift from Okawaru
 14298 | Lair:3   | Noticed a queen ant
 14332 | Lair:3   | Killed a queen ant
 14643 | Lair:3   | Found a hole to the Spider Nest.
 14643 | Lair:3   | Noticed an orb spider
 14739 | Lair:3   | Killed an orb spider
 14739 | Lair:3   | Reached skill level 5 in Shields
 15309 | Lair:4   | Found a radiant altar of Vehumet.
 15369 | Lair:4   | Got a slimy morningstar
 15483 | Lair:4   | Reached skill level 1 in Charms
 15499 | Lair:4   | Noticed a death yak
 15500 | Lair:4   | Noticed a death yak
 15512 | Lair:4   | Noticed a death yak
 15531 | Lair:4   | Killed a death yak
 15539 | Lair:4   | Noticed a death yak
 15556 | Lair:4   | Noticed a death yak
 15566 | Lair:4   | Killed a death yak
 15566 | Lair:4   | Received a gift from Okawaru
 15567 | Lair:4   | Got a scorched ring mail {god gift}
 15601 | Lair:4   | Noticed a death yak
 15614 | Lair:4   | Killed a death yak
 15641 | Lair:4   | Killed a death yak
 15641 | Lair:4   | Reached skill level 5 in Armour
 15664 | Lair:4   | Killed a death yak
 15664 | Lair:4   | Reached skill level 5 in Invocations
 15815 | Lair:4   | Killed a death yak
 15815 | Lair:4   | Reached XP level 13. HP: 67/67 MP: 16/20
 17023 | Lair:6   | Reached skill level 5 in Air Magic
 17155 | Lair:6   | Received a gift from Okawaru
 17208 | Lair:6   | Found a staircase to the Slime Pits.
 17245 | Lair:6   | Found a labyrinth entrance.
 17268 | Lab      | Entered a labyrinth
 17875 | Lab      | Noticed a minotaur
 17883 | Lab      | Killed a minotaur
 17891 | Lab      | Identified the Incunabulum of Moulding and the Rocks
 17892 | Lab      | Got a faintly glowing leather armour
 17953 | Lair:6   | Identified the +7 morningstar "Zagin" {elec, Str+5} (You found it on level 4 of the Lair of Beasts)
 17965 | Lair:6   | Identified the +0 ring mail "Yheug" {rC+ Dex+4} (Okawaru gifted it to you on level 4 of the Lair of Beasts)
 17985 | Lair:6   | Identified the +0 leather armour of the Harvest {Stlth+} (You found it in a labyrinth)
 18677 | Lair:6   | Received a gift from Okawaru
 18678 | Lair:6   | Got a pair of faintly glowing boots {god gift}
 18699 | Lair:6   | Identified the +1 pair of boots of Fun {MR+ rCorr Int+4} (Okawaru gifted it to you on level 6 of the Lair of Beasts)
 18821 | Lair:6   | Found a staircase to the Shoals.
 19010 | Lair:6   | Reached skill level 5 in Spellcasting
 19138 | Lair:7   | Reached skill level 5 in Fighting
 19149 | Lair:7   | Got a faintly glowing silver ring
 19150 | Lair:7   | Identified the ring of Xovarien {rElec rN+} (You found it on level 7 of the Lair of Beasts)
 19378 | Lair:7   | Reached XP level 14. HP: 67/74 MP: 22/22
 19388 | Lair:7   | Reached skill level 5 in Dodging
 19412 | Lair:7   | Received a gift from Okawaru
 19494 | Lair:7   | Found a runed door.
 19547 | Lair:7   | Reached skill level 1 in Evocations
 19582 | Lair:7   | Got a pair of distressingly furry boots
 19695 | Lair:8   | Entered Level 8 of the Lair of Beasts
 20277 | Lair:8   | Received a gift from Okawaru
 20505 | Lair:8   | Noticed Josephine
 20522 | Lair:8   | Killed Josephine
 20532 | Lair:8   | Received a gift from Okawaru
 20590 | Lair:8   | Identified the cursed -4 pair of boots of Starshine {rPois rF+ Slay-3 Stlth+} (You found it on level 7 of the Lair of Beasts)
 20864 | Lair:8   | Found a burning altar of Makhleb.
 21087 | Lair:8   | Found a gateway to Hell.
 21106 | Lair:8   | Reached skill level 5 in Evocations
 21106 | Lair:8   | Reached XP level 15. HP: 77/81 MP: 24/26
 21171 | Lair:8   | Received a gift from Okawaru
 21682 | D:11     | Killed a hill giant
 21720 | D:9      | Learned a level 3 spell: Passwall
 21763 | D:12     | Got a smoking ring mail
 22568 | D:12     | Found Beokha's Jewellery Shop.
 22766 | D:13     | Found a gate to the Vaults.
 22814 | D:13     | Received a gift from Okawaru
 23014 | D:13     | Received a gift from Okawaru
 23109 | D:13     | Identified the +3 ring mail of Sorcery {rF- rN+ Int+6} (You found it on level 12 of the Dungeon)
 23275 | D:13     | Got a crude rapier
 23641 | D:13     | Identified the cursed +1 rapier of Judgement {antimagic, rPois Stlth+} (You found it on level 13 of the Dungeon)
 23717 | Orc:1    | Entered Level 1 of the Orcish Mines
 23958 | Orc:1    | Noticed Fannar
 23983 | Orc:1    | Killed Fannar
 24129 | Orc:2    | Noticed Gastronok
 24131 | Orc:2    | Found Sakef's Antique Armour Shop.
 24163 | Orc:2    | Killed Gastronok
 24163 | Orc:2    | Reached skill level 1 in Transmutations
 24163 | Orc:2    | Reached skill level 1 in Earth Magic
 24368 | Orc:2    | Found a bloodstained altar of Trog.
 24677 | Orc:3    | Found Hocumep's Armour Emporium.
 25050 | Orc:4    | Entered Level 4 of the Orcish Mines
 25379 | Orc:3    | Found a shimmering altar of Xom.
 25572 | Orc:4    | Found a staircase to the Elven Halls.
 25577 | Orc:4    | Found Fom Esim's Antique Armour Shop.
 25627 | Orc:4    | Received a gift from Okawaru
 25703 | Orc:4    | Found Moasaonom's Food Shoppe.
 25708 | Orc:4    | Found Leskaunn's Gadget Boutique.
 25709 | Orc:4    | Found Kudaid's General Store.
 26274 | D:11     | Killed an ice statue
 26508 | D:14     | Reached XP level 16. HP: 88/88 MP: 28/28
 27305 | D:14     | Found a portal to a secret trove of treasure.
 27355 | D:15     | Entered Level 15 of the Dungeon
 27374 | D:15     | Noticed Rupert
 27391 | D:15     | Killed Rupert
 27421 | D:15     | Got a steaming scale mail
 27564 | D:15     | Identified the +3 scale mail "Iredeheila" {Dex+4 Stlth+} (You found it on level 15 of the Dungeon)
 27650 | D:15     | Got a steaming marble ring
 27652 | D:15     | Identified the ring "Zaneddug" {rC+ rN+} (You acquired it on level 15 of the Dungeon)
 27696 | D:15     | Received a gift from Okawaru
 27698 | D:15     | Got a twisted demon trident {god gift}
 27699 | D:15     | Identified the +1 demon trident "Lement" {pain, Str-5 Dex+5} (Okawaru gifted it to you on level 15 of the Dungeon)
 27838 | D:15     | Found a staircase to the Depths.
 28033 | D:15     | Noticed Agnes
 28048 | D:15     | Killed Agnes
 28736 | Spider:1 | Entered Level 1 of the Spider Nest
 28839 | Spider:1 | Received a gift from Okawaru
 29398 | Spider:2 | Reached skill level 5 in Stealth
 29611 | Spider:2 | Reached XP level 17. HP: 94/94 MP: 31/31
 30273 | Spider:3 | Received a gift from Okawaru
 30725 | Spider:4 | Entered Level 4 of the Spider Nest
 30895 | Spider:4 | Noticed Arachne
 31841 | Spider:4 | Got a gossamer rune of Zot
 31891 | Spider:4 | Reached skill level 10 in Spellcasting
 32165 | Spider:4 | Noticed Donald
 32182 | Spider:4 | Killed Donald
 32437 | Shoals:1 | Entered Level 1 of the Shoals
 32548 | Shoals:1 | Reached skill level 10 in Shields
 32776 | Shoals:1 | Received a gift from Okawaru
 32889 | Shoals:1 | HP: 2/96 [water nymph/the raging water (17)]
 33493 | Shoals:1 | Upgraded the game from 0.17.1-3-g152610e to 0.17.2
 33951 | Shoals:2 | Noticed Jorgrun
 34215 | Shoals:2 | Reached XP level 18. HP: 102/102 MP: 31/33
 34386 | Shoals:3 | Received a gift from Okawaru
 34489 | Shoals:3 | Reached skill level 15 in Long Blades
 34810 | Shoals:3 | Found a runed door.
 35012 | Shoals:3 | Found Winubium's Distillery.
 36064 | Shoals:4 | Entered Level 4 of the Shoals
 36123 | Shoals:4 | Found a radiant altar of Vehumet.
 36159 | Shoals:4 | Noticed murphy's ghost (journeyman TrBe)
 36206 | Shoals:4 | Killed murphy's ghost
 36345 | Shoals:4 | Noticed Ilsuiw
 36351 | Shoals:4 | Reached skill level 10 in Fighting
 37056 | Shoals:4 | Received a gift from Okawaru
 37057 | Shoals:4 | Got a translucent quarterstaff {god gift}
 37063 | Shoals:4 | Identified the +4 quarterstaff "Edghagidi" {venom, rElec rF- Int+4 SInv} (Okawaru gifted it to you on level 4 of the Shoals)
 37108 | Shoals:4 | Got a fine short sword
 37112 | Shoals:4 | Identified the +1 short sword of Zurhem {freeze, rPois Str+4} (You found it on level 4 of the Shoals)
 37723 | Shoals:4 | Got a barnacled rune of Zot
 37782 | Shoals:4 | Reached skill level 10 in Stealth
 37787 | Shoals:4 | Reached skill level 1 in Throwing
 37984 | Lair:6   | Learned a level 3 spell: Regeneration
 37988 | Lair:6   | Learned a level 3 spell: Vampiric Draining
 38363 | Vaults:1 | Entered Level 1 of the Vaults
 38408 | Vaults:1 | Received a gift from Okawaru
 38428 | Vaults:1 | Reached skill level 1 in Necromancy
 38432 | Vaults:1 | Got a slimy double sword {god gift}
 38433 | Vaults:1 | Identified the +1 double sword "Wuteid" {drain, rN+ MP+9 Int+2} (Okawaru gifted it to you on level 1 of the Vaults)
 38510 | Vaults:1 | Noticed Norris
 38533 | Vaults:1 | Killed Norris
 38646 | Vaults:1 | Reached XP level 19. HP: 107/107 MP: 34/34
 39732 | Vaults:1 | Reached skill level 10 in Armour
 40011 | Vaults:1 | Received a gift from Okawaru
 40690 | Vaults:2 | Found a staircase to the Crypt.
 40867 | Vaults:2 | Reached skill level 16 in Long Blades
 41024 | Vaults:2 | Found Gueluf's Magic Scroll Shoppe.
 41081 | Vaults:2 | Reached skill level 10 in Dodging
 41095 | Vaults:2 | Reached skill level 5 in Necromancy
 41688 | Vaults:2 | Reached XP level 20. HP: 114/114 MP: 35/35
 41858 | Vaults:2 | Received a gift from Okawaru
 43635 | Vaults:3 | Received a gift from Okawaru
 44170 | Vaults:4 | Received a gift from Okawaru
 45349 | Vaults:4 | Reached skill level 5 in Throwing
 45825 | Vaults:4 | Reached XP level 21. HP: 119/119 MP: 36/36
 46547 | Depths:1 | Entered Level 1 of the Depths
 46559 | Depths:1 | Received a gift from Okawaru
 46992 | Depths:1 | Noticed Mara
 47020 | Depths:1 | Killed Mara
 47188 | Depths:1 | Found a one-way gate leading to the halls of Pandemonium.
 47392 | Depths:1 | Received a gift from Okawaru
 47894 | Depths:2 | Received a gift from Okawaru
 48159 | Depths:2 | Noticed a caustic shrike
 48188 | Depths:2 | Killed a caustic shrike
 48195 | Depths:2 | Slain by a deep troll earth mage

Action                   |  1- 3 |  4- 6 |  7- 9 | 10-12 | 13-15 | 16-18 | 19-21 || total
-------------------------+-------+-------+-------+-------+-------+-------+-------++-------
Melee: Unarmed           |     5 |       |       |       |       |       |       ||     5
       Club              |     8 |       |       |       |       |       |       ||     8
       Dagger            |    20 |   254 |   316 |   496 |       |       |       ||  1086
       Falchion          |       |       |    63 |   126 |    39 |       |    59 ||   287
       Demon blade       |       |       |       |   351 |  1232 |  1815 |  1534 ||  4932
       Scimitar          |       |       |       |    22 |   120 |    16 |    12 ||   170
       Double sword      |       |       |       |       |       |       |    81 ||    81
Throw: Javelin           |       |       |       |       |       |       |     1 ||     1
 Cast: Shock             |    43 |    95 |    41 |    93 |    78 |   133 |    68 ||   551
       Corona            |       |       |     2 |     3 |     3 |    14 |     3 ||    25
       Repel Missiles    |       |       |       |       |       |     5 |     4 ||     9
       Vampiric Draining |       |       |       |       |       |       |    18 ||    18
Invok: Heroism           |       |       |       |     2 |     2 |     6 |     5 ||    15
       Finesse           |       |       |       |       |       |     1 |     2 ||     3
 Abil: Evoke Flight      |       |       |       |       |     2 |     2 |       ||     4
       Evoke Invisibilit |       |       |       |       |     1 |     1 |       ||     2
       Breathe Fire      |       |       |       |       |       |     1 |       ||     1
  Use: Potion            |     5 |     6 |     2 |     3 |     2 |     2 |     1 ||    21
       Scroll            |     2 |     7 |     4 |     8 |    16 |    12 |     2 ||    51
 Stab: Sleeping          |     2 |     7 |    11 |    12 |    19 |    13 |    25 ||    89
       Distracted        |       |       |       |       |     3 |     6 |     6 ||    15
       Invisible         |       |       |       |       |       |     2 |       ||     2
  Eat: Chunk             |     2 |    12 |    12 |    22 |    34 |    41 |    32 ||   155
       Fruit             |       |       |       |     2 |     2 |     2 |       ||     6
